 Dungeon Crawl Stone Soup version 0.30-a0-723-gc1506a1cf0 (webtiles) character file.

Game seed: 18292038244967693447

4 sircluck the Shield-Bearer (level 1, -1/2 (18) HPs)
             Began as a Formicid Fighter on Jan 28, 2023.
             Slain by a goblin
             ... wielding a +0 club
             ... led by Robin
              (3 damage)
             ... on level 2 of the Dungeon.
             The game lasted 00:02:48 (5330 turns).

sircluck the Shield-Bearer (Formicid Fighter)       Turns: 5330, Time: 00:02:48

HP:   -1/2 (18)     AC:  8    Str: 20    XL:     1   Next: 66%
MP:   1/1           EV:  9    Int:  7    God:
Gold: 25            SH:  5    Dex: 13    Spells: 0/0 levels left

rFire   . . .      SeeInvis +    a - +0 long sword
rCold   . . .      Faith    .    c - +0 buckler
rNeg    . . .      Spirit   .    b - +0 scale mail
rPois   .          Reflect  .    (helmet unavailable)
rElec   .          Harm     .    (no cloak)
rCorr   .          Rampage  .    (no gloves)
Will    .....                    j - +0 pair of boots Stlth
                                 (no amulet)
HPRegen 0.20/turn                (no ring)
MPRegen 0.07/turn                (no ring)

@: extremely drained
A: permanent stasis, dig shafts and tunnels, antennae 3, four strong arms
a: Dig, Shaft Self


You were on level 2 of the Dungeon.
You visited 1 branch of the dungeon, and saw 2 of its levels.

You collected 25 gold pieces.

Inventory:

Hand Weapons
 a - a +0 long sword (weapon)
Missiles
 e - 3 stones
Armour
 b - a +0 scale mail (worn)
 c - a +0 buckler (worn)
 i - a +0 robe
 j - a +0 pair of boots (worn)
Scrolls
 f - a scroll of identify {unknown}
 g - a scroll of enchant armour {unknown}
Potions
 d - a potion of might
 h - a potion of attraction {unknown}


   Skills:
 + Level 3.3 Fighting
 + Level 2.0 Long Blades
 + Level 3.4 Armour
 + Level 4.1 Shields


You couldn't memorise any spells.
You didn't know any spells.
Your spell library was empty.

Dungeon Overview and Level Annotations

Branches:
Dungeon (2/15)

Altars:

Annotations:
D:2 Robin


Innate Abilities, Weirdness & Mutations

You cannot be hasted, slowed, berserked, paralysed or teleported.
You can dig through walls and to a lower floor.
You have a pair of large antennae on your head. (SInv)
Your four strong arms can wield two-handed weapons with a shield.


Message History

You start waiting.
Done waiting.
There is an escape hatch in the floor here.
You slide downwards.
The hatch slams shut behind you.
As you enter the new level, Zot loses track of you.
The hobgoblin shouts!
The goblin shouts!
The ball python hisses angrily.
You hear a shout!
Found a dented brass amulet.
A hobgoblin and a goblin come into view.
The hobgoblin shouts!
The goblin shouts!
You hear a shout! x2
A hobgoblin comes into view.
A goblin comes into view. It is wielding a +0 club.
The goblin shouts!
The ball python misses you. The ball python grabs you.
The ball python constricts you.
A hobgoblin comes into view.
You slash the ball python!
You kill the ball python!
A dart slug comes into view.
A hobgoblin comes into view.
A goblin comes into view. It is wielding a +0 club.
The goblin shouts!
The hobgoblin shouts!
A hobgoblin comes into view.
The dart slug launches a dart at you. The slug dart misses you.
Robin of the Strong Arm comes into view.
They are wielding a +0 dagger.
Robin shouts!
The hobgoblin shouts!
You closely miss the goblin.
The hobgoblin hits you but does no damage.
The goblin barely misses you.
You closely miss the goblin. The goblin hits you but does no damage.
The hobgoblin hits you.
Ouch! That really hurt!
The goblin hits you but does no damage.
You barely miss the goblin.
Robin roars a battlecry!
The goblins go into a battle-frenzy!
The goblin closely misses you. The goblin barely misses you.
The goblin closely misses you. The goblin hits you with a +0 club.
Ouch! That really hurt!
You die...

#.........
##....^....
#..........
......g...
#.........
#.wgg.....
#.ggg.....
#.@ggg....
##.gg#####.
#.†...#
#.......#
#.........#
+.........+
#....."...#
##.......##
##.....##


You could see Robin, a dart slug, 6 hobgoblins and 4 goblins.

Vanquished Creatures
  A ball python (D:2)
  A hobgoblin (D:1)
  A kobold (D:1)
3 creatures vanquished.

Notes
Turn   | Place    | Note
-------+----------+-------------------------------------------
     0 | D:1      | sircluck the Formicid Fighter began the quest for the Orb.
     0 | D:1      | Reached XP level 1. HP: 18/18 MP: 1/1
  4998 | D:1      | Glimpsed the power of Zot.
  5327 | D:2      | Noticed Robin
  5330 | D:2      | Slain by a goblin

Illustrated notes

Levels and vault maps discovered:
D:1:      giann_forest_graveyard, layout_basic
D:2:      layout_loops_corners, uniq_robin

Action                     || total
---------------------------++-------
  Melee: Long sword        ||     8
Ability: Dig               ||     7
 Armour: Scale mail        ||     6
  Dodge: Dodged            ||     7

Table legend: (Time is in decaauts)
 A = Elapsed time spent in this place.
 B = Non-inter-level travel time spent in this place.
 C = Inter-level travel time spent in this place.
 D = Time resting spent in this place.
 E = Time spent auto-exploring this place.
 F = Levels seen in this place.
 G = Mean time per level.
                   A        B        C        D        E       F      G
               +--------+--------+--------+--------+--------+-----+--------+
         Total |   5332 |   5331 |      1 |   5083 |      0 |   2 | 2666.0 |
       Dungeon |   5332 |   5331 |      1 |   5083 |      0 |   2 | 2666.0 |
               +--------+--------+--------+--------+--------+-----+--------+

Top non-repeatable levels by time:
     D:1: 5323 daAuts
     D:2: 8 daAuts
